 Dungeon Crawl Stone Soup version 0.26.0-8-g74fc34ddfb (webtiles) character file.

Game seed: 2031452983089349192

39138 Froggeryz the Ripper (level 13, -28/97 HPs)
             Began as a Felid Berserker on Jan 12, 2021.
             Was the Champion of Trog.
             Killed from afar by a green death (38 damage)
             ... with a poison arrow
             ... in a wizard's laboratory.
             The game lasted 00:43:59 (28042 turns).

Froggeryz the Ripper (Felid Berserker)             Turns: 28042, Time: 00:43:59

Health: -28/97     AC:  7    Str: 13    XL:     13   Next: 67%
Magic:  14/14      EV: 34    Int: 12    God:    Trog [******]
Gold:   283        SH:  5    Dex: 19    Spells: 12/12 levels left
                                        Lives:  0   Deaths: 4

rFire    . . .     SeeInvis +     - Unarmed
rCold    + + +     Faith    .   (shield unavailable)
rNeg     . . .     Spirit   .   (armour unavailable)
rPois    .         Reflect  +   (helmet unavailable)
rElec    .         Harm     .   (cloak unavailable)
rCorr    .         Rampage  .   (gloves unavailable)
Will     +++..                  (boots unavailable)
Stlth    ..........             E - amulet of reflection
HPRegen  1.26/turn              c - +4 ring of protection
MPRegen  0.14/turn              z - ring of Coronation {+Fly rC++}

@: berserking, lethally poisoned (-28 -> -30), regenerating, very quick
A: very small, no armour, no weapons or thrown items, stealth, claws 1, fangs 3,
see invisible, clever 1, speed 1, shaggy fur 3, MP-powered wands, sharp paws
a: Renounce Religion, Evoke Flight, Berserk, Trog's Hand, Brothers in Arms


You were in a wizard's laboratory.
You worshipped Trog.
Trog was exalted by your worship.
You visited 4 branches of the dungeon, and saw 20 of its levels.
You also visited: Wizlab.

You collected 1794 gold pieces.
You spent 1511 gold pieces at shops.

Inventory:

Jewellery
 c - a +4 ring of protection (left paw)
 g - an uncursed ring of stealth
 l - an uncursed ring of protection from fire
 n - a +6 ring of strength
 v - an uncursed ring of ice
 z - the ring of Coronation (right paw) {+Fly rC++}
   (You bought it in a shop on level 2 of the Orcish Mines)

   [ring of flight]

   It greatly protects you from cold.
   It lets you fly.
 A - an uncursed amulet of guardian spirit
 C - an uncursed amulet of the acrobat
 E - an amulet of reflection (around neck)
 K - an uncursed ring of positive energy
Wands
 k - a wand of random effects (15)
 o - a wand of acid (26)
 r - a wand of digging (14)
 t - a wand of disintegration (2)
 w - a wand of polymorph (18)
 y - a wand of flame (43)
 B - a wand of iceblast (6)
Scrolls
 a - 2 scrolls of identify
 d - a scroll of fog
 e - 3 scrolls of teleportation
 f - 2 scrolls of fear
 h - 6 scrolls of remove curse
 u - 3 scrolls of magic mapping
 J - a scroll of summoning
Potions
 b - 6 potions of curing
 j - 5 potions of cancellation
 m - a potion of might
 q - 3 potions of heal wounds
 s - 3 potions of magic
 x - 3 potions of brilliance {unknown}
 D - 2 potions of invisibility
Miscellaneous
 i - a tin of tremorstones (2/2)


   Skills:
 + Level 12.5 Fighting
 + Level 17.7 Dodging
 * Level 18.8 Unarmed Combat
 + Level 4.2 Evocations


You had 12 spell levels left.
You didn't know any spells.
Your spell library contained the following spells:

 Spells                   Type           Power        Failure   Level
 Foxfire                  Conj/Fire      0%           32%         1
 Shock                    Conj/Air       0%           32%         1


Dungeon Overview and Level Annotations

Branches:
Dungeon (11/15)            Temple (0/1) D:5            Lair (6/6) D:9
 Shoals (0/4) Lair:3        Snake (0/4) Lair:2        Slime (0/5) Lair:6
    Orc (2/2) D:9             Elf (1/3) Orc:2        WizLab (1/1)

Altars:
Ashenzari
Elyvilon
Fedhas
Hepliaklqana
Kikubaaqudgha
Nemelex Xobeh
Okawaru
Qazlal
Sif Muna
Trog
Vehumet
Wu Jian
Xom
Yredelemnul
The Shining One

Shops:
D:9 ([   Orc:2 ?**:=   Elf:1 (

Portals:
Abyss: Orc:1

Annotations:
D:11 Sonja
Orc:1 2 transporters, tatocazan's ghost, journeyman MiFi


Innate Abilities, Weirdness & Mutations

You cannot wear armour.
You are incapable of wielding weapons or throwing items.
Your paws allow you to move quietly. (Stealth)
You have sharp claws.
You have razor-sharp teeth.
You have supernaturally acute eyesight. (SInv)
You cover ground quickly.
Your thick and shaggy fur keeps you warm. (AC +3, rC+)
Your sharp claws are effective at attacking unaware monsters.
Your mind is acute. (Int +2)
You expend magic power (3 MP) to strengthen your wands.


Message History

The green death is moderately wounded.
The reaper shouts, "You must die NOW!"
The reaper hits you from afar with a +2 scythe of flaming!!
* * * LOW HITPOINT WARNING * * *
The reaper burns you!
* * * LOW HITPOINT WARNING * * *
You closely miss the soul eater.
The soul eater is almost dead.
The soul eater closely misses you. The green death gestures at you.
The bolt of poison misses you.
You closely miss the green death. You claw the green death!
The green death is heavily wounded.
You completely miss the soul eater. Your claw misses the soul eater.
The soul eater is almost dead.
The soul eater misses you. The green death gestures at you.
The poison arrow hits you!!!
You are poisoned.
You die...

#....#................
#.....................
#.....................
#...........[.2...[...
#............†...2....
#..............C......
#.....................
#......2..............
#....@3......[........
#.....2...............
#.....................
#.....................
######################
#..... #..... #....#
#..∩.'


You could see a reaper, a green death and a soul eater.

Vanquished Creatures
  Jorgrun (Orc:2)
  Rupert (Lair:3)
  Gastronok (D:8)
  An acid blob (Lair:6)
  An azure jelly (Lair:6)
  A cacodemon (WizLab)
  Nessos (Lair:4)
  A deep elf demonologist (Elf:1)
  Snorg (Lair:3)
  A death ooze (Lair:6)
  9 hydras
  3 boulder beetles
  Erica (D:8)
  A two-headed ogre (D:9)
  A catoblepas (Lair:6)
  A death yak (Lair:6)
  6 orc high priests (Orc:2)
  A soul eater (WizLab)
  A deep elf archer (Elf:1)
  8 orc knights
  2 orc sorcerers (Orc:2)
  A deep elf mage (Elf:1)
  A cyclops (Orc:2)
  Maurice (D:10)
  11 elephants
  A merfolk siren (Lair:3)
  3 black mambas
  25 cane toads
  9 komodo dragons
  2 rime drakes
  4 trolls
  3 merfolk (Lair:3)
  8 polar bears
  5 tyrant leeches (Lair:6)
  25 blink frogs
  13 dream sheep
  3 slime creatures (Lair:6)
  A meliai zombie (D:11)
  4 wyverns
  33 yaks
  6 basilisks
  6 vampire mosquitoes
  Eustachio (D:5)
  2 chaos spawn (D:9)
  Menkaure (D:6)
  4 nagas (Lair:2)
  4 wargs
  13 water moccasins
  36 orc warriors
  Purgy (D:4)
  3 black bears
  3 ice beasts
  A sky beast (D:5)
  2 phantoms
  6 ogres
  3 centaurs (D:9)
  4 wolves (Lair:3)
  3 big kobolds
  A gnoll sergeant (D:10)
  22 bullfrogs
  A water moccasin zombie (D:6)
  A wyvern skeleton (D:6)
  12 killer bees
  3 scorpions
  7 wights (D:6)
  14 jellies
  6 howler monkeys
  2 electric eels (Lair:5)
  2 quasits
  A centaur zombie (D:8)
  A centaur skeleton (D:10)
  2 hounds
  24 orc priests
  A bullfrog skeleton (D:7)
  4 iguanas
  17 orc wizards
  8 worker ants
  2 hound skeletons
  2 hound zombies
  A howler monkey zombie (D:6)
  7 adders
  3 gnolls (D:6)
  3 shadow imps
  6 white imps
  An ufetubus (D:7)
  9 oozes
  2 adder skeletons
  5 worms
  3 leopard geckos
  84 orcs
  4 giant cockroaches
  2 gnoll zombies (D:5)
  3 goblins
  6 hobgoblins
  25 jackals
  6 quokkas
  8 bats
  4 frilled lizards
  A jackal skeleton (D:8)
  11 kobolds
  A leopard gecko skeleton (D:6)
  5 rats
629 creatures vanquished.

Vanquished Creatures (collateral kills)
  An Executioner (WizLab)
  A smoke demon (WizLab)
  3 tormentors (WizLab)
5 creatures vanquished.

Vanquished Creatures (others)
  An orc (Orc:1)
  64 fungi
  150 plants
  2 withered plants (D:4)
217 creatures vanquished.

Grand Total: 851 creatures vanquished

Notes
Turn   | Place    | Note
-------+----------+-------------------------------------------
     0 | D:1      | Froggeryz the Felid Berserker began the quest for the Orb.
     0 | D:1      | Reached XP level 1. HP: 10/10 MP: 2/2
   294 | D:1      | Reached XP level 2. HP: 11/14 MP: 3/3
   823 | D:2      | Reached XP level 3. HP: 17/17 MP: 4/4
  1102 | D:2      | Reached ** piety under Trog
  1446 | D:2      | Reached skill level 4 in Unarmed Combat
  1549 | D:2      | Found a blossoming altar of Fedhas.
  1892 | D:3      | Found a white marble altar of Elyvilon.
  1898 | D:3      | Reached XP level 4. HP: 21/21 MP: 5/5
  2166 | D:3      | Reached skill level 5 in Dodging
  2658 | D:3      | Reached XP level 5. HP: 25/25 MP: 6/6
  2869 | D:4      | Noticed a phantom
  3169 | D:4      | Noticed Purgy
  3185 | D:4      | Killed Purgy
  3186 | D:4      | Reached skill level 5 in Unarmed Combat
  3186 | D:4      | Gained mutation: You are covered in thick fur. (AC +2)
                  | [Felid growth]
  3186 | D:4      | Reached XP level 6. HP: 17/28 MP: 7/7
  3365 | D:4      | Found an ancient bone altar of Kikubaaqudgha.
  3569 | D:4      | Reached *** piety under Trog
  3638 | D:4      | Found a sparkling altar of Nemelex Xobeh.
  3646 | D:4      | Found an ornate altar of the Wu Jian Council.
  3649 | D:4      | Found a radiant altar of Vehumet.
  3739 | D:4      | Found a stormy altar of Qazlal.
  3813 | D:5      | Entered Level 5 of the Dungeon
  3821 | D:5      | Found a staircase to the Ecumenical Temple.
  4126 | D:5      | Found a basalt altar of Yredelemnul.
  4238 | D:5      | Found a shimmering blue altar of Sif Muna.
  4288 | D:5      | Found a hazy altar of Hepliaklqana.
  4743 | D:5      | Reached skill level 6 in Unarmed Combat
  4810 | D:5      | Found a shimmering blue altar of Sif Muna.
  4815 | D:5      | Noticed an orc warrior
  4822 | D:5      | Reached XP level 7. HP: 28/33 MP: 8/8
  4874 | D:5      | Identified Sif Muna's Catalogue of the Arsonist and Attacks
  4945 | D:5      | Found a bloodstained altar of Trog.
  5075 | D:5      | Noticed Eustachio
  5094 | D:5      | Killed Eustachio
  5095 | D:5      | Reached skill level 5 in Fighting
  5830 | D:5      | Reached skill level 7 in Unarmed Combat
  5969 | D:6      | Noticed Menkaure
  6047 | D:6      | Reached XP level 8. HP: 37/37 MP: 9/9
  6351 | D:6      | Reached skill level 8 in Unarmed Combat
  6627 | D:6      | Killed Menkaure
  6627 | D:6      | Reached **** piety under Trog
  6667 | D:6      | Reached skill level 9 in Unarmed Combat
  7553 | D:6      | Reached XP level 9. HP: 40/40 MP: 10/10
  8131 | D:7      | Reached skill level 10 in Unarmed Combat
  8444 | D:7      | Reached skill level 10 in Dodging
  8718 | D:7      | Reached ***** piety under Trog
  8916 | D:8      | Noticed Gastronok
  8918 | D:8      | Noticed Erica
  9277 | D:8      | Found a broken altar of Ashenzari.
  9295 | D:8      | Killed Erica
  9296 | D:8      | Reached skill level 11 in Unarmed Combat
  9474 | D:8      | Killed Gastronok
  9475 | D:8      | Reached skill level 12 in Unarmed Combat
  9475 | D:8      | Reached XP level 10. HP: 13/44 MP: 11/11
 10115 | D:9      | Found the +7 mace of Variability {chain chaos}
 10117 | D:9      | Found a shimmering altar of Xom.
 10562 | D:9      | Found a glowing golden altar of the Shining One.
 10571 | D:9      | Found a staircase to the Lair.
 10588 | D:9      | Found Teuf's Armour Boutique.
 10593 | D:9      | Found a staircase to the Orcish Mines.
 10593 | D:9      | Found Jalolah's Weapon Boutique.
 10748 | D:9      | Found an iron altar of Okawaru.
 10913 | D:9      | Noticed a two-headed ogre
 10919 | D:9      | Killed a two-headed ogre
 10920 | D:9      | Reached skill level 13 in Unarmed Combat
 11363 | D:9      | Reached XP level 11. HP: 48/48 MP: 12/12
 11630 | D:10     | Entered Level 10 of the Dungeon
 11915 | D:10     | Noticed Maurice
 12139 | D:10     | Killed Maurice
 13186 | D:11     | Reached ****** piety under Trog
 13196 | D:11     | Noticed a boulder beetle
 13232 | D:11     | Killed a boulder beetle
 13451 | D:11     | Noticed Sonja
 13489 | Lair:1   | Entered Level 1 of the Lair of Beasts
 13685 | Lair:1   | Noticed a seven-headed hydra
 13694 | Lair:1   | Killed a seven-headed hydra
 13695 | Lair:1   | Reached skill level 14 in Unarmed Combat
 14159 | Lair:1   | Slain by a cane toad
 14160 | Lair:1   | Reached XP level 10. HP: -4/70 MP: 11/11
 14192 | Lair:1   | Found a dark tunnel.
 14466 | Lair:2   | Found a staircase to the Snake Pit.
 14646 | Lair:1   | Killed a cane toad
 14806 | Lair:2   | Reached XP level 11. HP: 32/51 MP: 12/12
 15068 | Lair:2   | Noticed a four-headed hydra
 15097 | Lair:2   | Killed a four-headed hydra
 15215 | Lair:2   | Slain by a komodo dragon
 15216 | Lair:2   | Reached XP level 10. HP: 0/48 MP: 11/11
 15348 | Lair:2   | Noticed a cane toad
 15355 | Lair:2   | Killed a cane toad
 15777 | Lair:3   | Noticed Snorg
 15964 | Lair:3   | Killed Snorg
 16195 | Lair:3   | Noticed a cane toad
 16220 | Lair:3   | Killed a cane toad
 16221 | Lair:3   | Reached skill level 15 in Unarmed Combat
 16284 | Lair:3   | Reached XP level 11. HP: 52/52 MP: 12/12
 16646 | Lair:3   | Noticed Rupert
 16669 | Lair:3   | Killed Rupert
 17079 | Lair:3   | Found a staircase to the Shoals.
 17497 | Lair:4   | Noticed Nessos
 17884 | Lair:4   | Killed Nessos
 17962 | Lair:4   | Reached skill level 15 in Dodging
 17962 | Lair:4   | Gained mutation: Your thick and shaggy fur keeps you warm.
                  | (AC +3, rC+) [Felid growth]
 17962 | Lair:4   | Reached XP level 12. HP: 39/57 MP: 8/13
 18589 | Lair:4   | Reached skill level 16 in Unarmed Combat
 18996 | Lair:5   | Noticed an eight-headed hydra
 19020 | Lair:5   | Killed an eight-headed hydra
 19021 | Lair:5   | Reached skill level 10 in Fighting
 19296 | Lair:5   | Noticed a six-headed hydra
 19473 | Lair:5   | Killed a six-headed hydra
 19580 | Lair:5   | Noticed a boulder beetle
 19613 | Lair:5   | Slain by a boulder beetle
 19614 | Lair:5   | Reached XP level 11. HP: -5/54 MP: 0/12
 20239 | Lair:5   | Noticed a four-headed hydra
 20250 | Lair:5   | Killed a four-headed hydra
 20468 | Lair:5   | Killed a boulder beetle
 20469 | Lair:5   | Reached XP level 12. HP: 42/58 MP: 8/13
 20962 | Lair:6   | Entered Level 6 of the Lair of Beasts
 21301 | Lair:6   | Reached skill level 17 in Unarmed Combat
 21497 | Lair:5   | Gained mutation: You occasionally shout uncontrollably at
                  | your foes. [potion of mutation]
 21497 | Lair:5   | Gained mutation: Your spells are a little harder to cast,
                  | but a little more powerful. [potion of mutation]
 21498 | Lair:5   | Lost mutation: You occasionally shout uncontrollably at
                  | your foes. [potion of mutation]
 21498 | Lair:5   | Lost mutation: Your spells are a little harder to cast, but
                  | a little more powerful. [potion of mutation]
 21498 | Lair:5   | Gained mutation: Your magical capacity is low. (-10% MP)
                  | [potion of mutation]
 21498 | Lair:5   | Gained mutation: Your mind is acute. (Int +2) [potion of
                  | mutation]
 21498 | Lair:5   | Gained mutation: Your natural rate of healing is unusually
                  | fast. [potion of mutation]
 21499 | Lair:5   | Lost mutation: Your magical capacity is low. (-10% MP)
                  | [potion of mutation]
 21499 | Lair:5   | Lost mutation: Your natural rate of healing is unusually
                  | fast. [potion of mutation]
 21499 | Lair:5   | Lost mutation: Your mind is acute. (Int +2) [potion of
                  | mutation]
 21499 | Lair:5   | Gained mutation: Your mind is acute. (Int +2) [potion of
                  | mutation]
 21499 | Lair:5   | Gained mutation: You expend magic power (3 MP) to
                  | strengthen your wands. [potion of mutation]
 22576 | Lair:6   | Noticed a boulder beetle
 22576 | Lair:6   | Noticed a death yak
 22729 | Lair:6   | Found a staircase to the Slime Pits.
 22736 | Lair:6   | Noticed a six-headed hydra
 22747 | Lair:6   | Killed a six-headed hydra
 22752 | Lair:6   | Noticed a five-headed hydra
 22831 | Lair:6   | Killed a five-headed hydra
 22931 | Lair:6   | Noticed a death ooze
 22931 | Lair:6   | Noticed an azure jelly
 22931 | Lair:6   | Noticed an azure jelly
 22931 | Lair:6   | Noticed a great orb of eyes
 22931 | Lair:6   | Noticed an acid blob
 22931 | Lair:6   | Noticed a death ooze
 22955 | Lair:6   | Reached XP level 13. HP: 63/63 MP: 14/14
 22962 | Lair:6   | Killed a death ooze
 23026 | Lair:6   | Killed an azure jelly
 23827 | Lair:6   | Reached skill level 18 in Unarmed Combat
 23955 | Lair:6   | Killed an acid blob
 24845 | Orc:1    | Entered Level 1 of the Orcish Mines
 25306 | Orc:1    | Reached skill level 1 in Evocations
 25390 | Orc:1    | Found a one-way gate to the infinite horrors of the Abyss.
 25390 | Orc:1    | Noticed tatocazan's ghost (journeyman MiFi)
 25408 | Orc:1    | Found a transporter.
 25535 | Orc:1    | Found a transporter.
 25691 | Orc:1    | Identified the +7 great mace of Fyocuoxo {distort, rN+
                  | Int+3 Dex-4 Stlth+}
 25691 | Orc:1    | Noticed an orc warlord
 25762 | Orc:2    | Entered Level 2 of the Orcish Mines
 25762 | Orc:2    | Found a staircase to the Elven Halls.
 25826 | Orc:2    | Found Tiusar's Magic Scroll Shoppe.
 26003 | Orc:2    | Reached XP level 14. HP: 55/69 MP: 15/15
 26135 | Orc:2    | Noticed Jorgrun
 26156 | Orc:2    | Killed Jorgrun
 26336 | Orc:2    | Bought a scroll of teleportation for 39 gold pieces
 26336 | Orc:2    | Bought a scroll of blinking for 97 gold pieces
 27643 | Orc:2    | Found Nugevaf's Assorted Antiques.
 27643 | Orc:2    | Found Vaoleakk's General Store.
 27644 | Orc:2    | Found Famisut's Jewellery Emporium.
 27644 | Orc:2    | Found Tizass's Book Shoppe.
 27652 | Orc:2    | Bought a cyan potion for 33 gold pieces
 27652 | Orc:2    | Bought a scroll of fear for 129 gold pieces
 27652 | Orc:2    | Bought 2 cyan potions for 66 gold pieces
 27652 | Orc:2    | Bought 2 potions of heal wounds for 370 gold pieces
 27652 | Orc:2    | Bought a scroll of remove curse for 111 gold pieces
 27656 | Orc:2    | Bought a scroll of teleportation for 39 gold pieces
 27656 | Orc:2    | Bought a scroll of remove curse for 39 gold pieces
 27661 | Orc:2    | Bought the ring of Coronation {+Fly rC++} for 588 gold
                  | pieces
 27773 | Elf:1    | Entered Level 1 of the Elven Halls
 27776 | Elf:1    | Found Zessuom's Antique Weapon Shoppe.
 27781 | Elf:1    | Found a magical portal.
 27810 | WizLab   | Entered Doroklohe's Tomb
 28002 | WizLab   | Noticed an Executioner
 28003 | WizLab   | Found the +3 crown of Dyrovepreva {rElec Int+2 SInv}
 28005 | WizLab   | Noticed a cacodemon
 28011 | WizLab   | HP: 3/103 [Executioner (5)]
 28012 | WizLab   | Slain by an Executioner
 28012 | WizLab   | Killed an Executioner
 28013 | WizLab   | Reached XP level 13. HP: -5/97 MP: 14/14
 28026 | WizLab   | Noticed a reaper
 28031 | WizLab   | Killed a cacodemon
 28042 | WizLab   | Killed from afar by a green death

Illustrated notes

Levels and vault maps discovered:
D:1:      erik_arrival_triangle_small, layout_rooms
D:2:      layout_basic, general_overflow_altar, minmay_between
D:3:      layout_loops_cross, elyvilon_altar_1
D:4:      layout_basic, grunt_temple_overflow_cloverleaf,
          kiku_gazebo_garden_becter, uniq_purgy
D:5:      layout_gridville, nzn_overflow_gifts_of_might_and_magic,
          lemuel_zombie_altar_yredelemnul, nzn_hepliaklqana_mist_gate,
          minmay_temple_entry_trees, basic_altar, kennysheep_cross_room,
          uniq_eustachio
D:6:      layout_loops_ring, uniq_menkaure
D:7:      layout_rooms, feat_on_display
D:8:      layout_rooms, overflow_temple_1_default, uniq_gastronok, uniq_erica
D:9:      layout_stronghold, kennysheep_little_box, dpeg_oklobed_lair,
          orc_david_3, basic_altar, minmay_misc_feat_rugged,
          minmay_guarded_unrand_variability
D:10:     layout_small_grid, chequers_serial_rivers_small_a, uniq_maurice
D:11:     layout_gridville, uniq_sonja
Lair:1:   layout_chaotic_city, enter_volcano_2, serial_bayou_shore_a
Lair:2:   layout_regular_city, minmay_snake_entry_guardpost_small
Lair:3:   layout_chaotic_city, elwin_shoals_entry_stream, uniq_rupert,
          uniq_snorg
Lair:4:   layout_misc_corridors, uniq_nessos
Lair:5:   layout_gridlike
Lair:6:   minmay_lair_end_frog_pond, layout_small_grid,
          minmay_slime_entry_pillars, special_room [special_room_jelly],
          lookout_lair_type, nicolae_lair_yak_garden
Orc:1:    layout_caves, gammafunk_ghost_abyssal_escape
Orc:2:    st_orc_pillars, layout_caves, serial_shops, nicolae_shop_trees,
          uniq_jorgrun
Elf:1:    layout_loops_corners, gammafunk_ghost_berserking_beasts,
          infiniplex_enter_wizlab_glasses, serial_shops,
          nicolae_shop_waterfront, hangedman_elven_crosses_minicolossus
WizLab:   wizlab_doroklohe

Skill      XL: |  1  2  3  4  5  6  7  8  9 10 11 12 13 14 |
---------------+-------------------------------------------+-----
Unarmed Combat | 4 5 6 7 9 12 15 14 17 18 | 18.8
Dodging        | 5 6 7 9 11 14 15 16 17 | 17.7
Fighting       | 4 5 6 9 11 12 | 12.5
Evocations     | 4 3 |  4.2

Action                   |  1- 3 |  4- 6 |  7- 9 | 10-12 | 13-15 || total
-------------------------+-------+-------+-------+-------+-------++-------
Melee: Unarmed           |   129 |   209 |   333 |   942 |   655 ||  2268
       Bite              |     6 |    29 |    31 |   133 |    91 ||   290
       Punch             |     2 |     1 |    16 |   101 |    71 ||   191
Invok: Berserk           |     4 |     5 |    16 |    34 |    18 ||    77
       Trog's Hand       |       |       |     1 |     4 |    10 ||    15
       Brothers in Arms  |       |       |       |       |     1 ||     1
Evoke: Wand              |       |       |     1 |    19 |     1 ||    21
  Use: Scroll            |     6 |     3 |    10 |    13 |     3 ||    35
       Potion            |       |       |     1 |     8 |     1 ||    10
 Stab: Sleeping          |     8 |     4 |     1 |    16 |     3 ||    32
       Distracted        |       |       |       |     2 |     2 ||     4
Armor: Skin              |     5 |     5 |     8 |    21 |    32 ||    71
Dodge: Dodged            |   109 |   199 |   271 |   896 |   512 ||  1987
Block: Other             |       |       |       |       |    67 ||    67
       Reflection        |       |       |       |       |     3 ||     3
